 Dungeon Crawl Stone Soup version 0.29-a0-234-g0dae59b3db (webtiles) character file.

Game seed: 13774182297273097857

950 drugrobin the Cleaver (level 7, 0/56 HPs)
             Began as a Demigod Fighter on Mar 3, 2022.
             Slain by an orc
             ... wielding a +0 whip
              (2 damage)
             ... on level 6 of the Dungeon.
             The game lasted 00:11:37 (6976 turns).

drugrobin the Cleaver (Demigod Fighter)             Turns: 6976, Time: 00:11:38

Health: 0/56       AC:  4    Str: 25    XL:     7   Next: 58%
Magic:  9/9        EV: 10    Int: 10    God:
Gold:   221        SH:  4    Dex: 13    Spells: 6/6 levels left

rFire   . . .      SeeInvis .   a - +0 war axe
rCold   . . .      Faith    .   c - +0 buckler
rNeg    + . .      Spirit   .   t - +0 leather armour of the Apothecary {-Tele Rampage rN+ Slay+5}
rPois   +          Reflect  .   (no helmet)
rElec   .          Harm     .   (no cloak)
rCorr   .          Rampage  +   (no gloves)
Will    .....      NoTele   +   n - +0 pair of boots
Stlth   +.........              (no amulet)
HPRegen 0.18/turn               l - ring of poison resistance
MPRegen 0.11/turn               (no ring)

@: no status effects
A: high MP 1, forlorn, divine attributes
a: no special abilities


You were on level 6 of the Dungeon.
You visited 1 branch of the dungeon, and saw 6 of its levels.

You collected 221 gold pieces.

Inventory:

Hand Weapons
 a - a +0 war axe (weapon)
Missiles
 e - 194 stones
 o - 7 boomerangs (quivered)
 v - 3 poisoned darts
Armour
 c - a +0 buckler (worn)
 n - a +0 pair of boots (worn)
 s - a +3 ring mail
 t - the +0 leather armour of the Apothecary (worn) {-Tele Rampage rN+ Slay+5}
   (You took it off a hobgoblin on level 4 of the Dungeon)

   Slay:      It affects your accuracy & damage with ranged weapons and melee
   (+5).
   rN:        It protects you from negative energy.
   -Tele:     It prevents most forms of teleportation.
   Rampage:   It bestows one free step when moving towards enemies.
Jewellery
 l - a ring of poison resistance (left hand)
Scrolls
 b - 2 scrolls of enchant weapon {unknown}
 i - 4 scrolls of identify {unknown}
 r - 2 scrolls of teleportation {unknown}
 u - a scroll of torment {unknown}
Potions
 d - a potion of might
 f - a potion of cancellation {unknown}
 g - a potion of magic {unknown}
 h - 3 potions of heal wounds {unknown}
 j - a potion of mutation {unknown}
 k - 3 potions of brilliance {unknown}
 m - a potion of haste {unknown}
 p - a potion of curing {unknown}
 q - 2 potions of flight {unknown}
 w - a potion of lignification {unknown}


   Skills:
 - Level 2.6 Fighting
 + Level 8.5 Axes
 - Level 2.6 Armour
 - Level 2.6 Shields


You had 6 spell levels left.
You didn't know any spells.
Your spell library contained the following spells:

 Spells                   Type           Power      Damage    Failure   Level
 Olgreb's Toxic Radiance  Pois           0%         N/A       99%         4
 Ozocubu's Refrigeration  Ice            0%         4d5       100%        7
 Ignition                 Fire           0%         3d3       100%        8


Dungeon Overview and Level Annotations

Branches:
Dungeon (6/15)
 Temple: D:4-7

Annotations:
D:2 1 runed translucent door, Crazy Yiuf


Innate Abilities, Weirdness & Mutations

You have an increased reservoir of magic. (+10% MP)
You shall have no god before yourself.
Your divine heritage dramatically boosts your attributes as you level up.


Message History

You kill Blork the orc!
w - a sedimented brown potion
Things that are here:
a +0 hand axe; a +0 robe You start resting.
An orc comes into view.
It is wielding a +0 flail and carrying a wand of iceblast (10).
Unknown command.
The orc zaps a wand.
The mass of ice explodes!
The iceblast engulfs you!
You hear a shout! x2
An orc comes into view. It is wielding a +0 hand axe.
The orc shouts!
An orc comes into view. It is wielding a +0 whip.
The orc moves out of view.
The orc zaps a wand.
The mass of ice explodes!
The iceblast engulfs you!
* * * LOW HITPOINT WARNING * * *
The iceblast engulfs the orc!
The orc dies!
Unknown command.
Unknown command.
Unknown command.
A bullfrog comes into view.
You slash the orc!
You kill the orc!
The orc throws a stone.
The stone barely misses you.
Unknown command.
Things that are here:
a +0 hand axe; an orc corpse You hit the orc.
The orc is heavily wounded.
The bullfrog hits you.
* * * LOW HITPOINT WARNING * * *
The orc hits you with a +0 whip.
* * * LOW HITPOINT WARNING * * *
Unknown command.
Unknown command.
You hit the orc.
The orc is severely wounded.
You slash the bullfrog! You block the bullfrog's attack.
The orc hits you with a +0 whip.
You die...

... . ... . .....
####..# ......
##..^..##
......####..##...###
....................
......#o..........#
......F@).........#####
##...#.#.....#........#
... ...#....>#.........
. ...............#.##.!
...#.########)#......##
.. #. #.)........ #
#.###### ###....#..#
#....<.# #.#...#..
##......# ###.###...#


You could see a bullfrog and an orc.

Vanquished Creatures
  Duvessa (D:5)
  2 ogres
  2 sky beasts
  Blork the orc (D:6)
  2 scorpions
  Dowan (D:5)
  Jessica (D:2)
  An iguana (D:5)
  An orc wizard (D:4)
  Natasha (thrice) (D:2)
  3 adders
  An ufetubus (D:4)
  2 worms (D:4)
  4 dart slugs
  2 orcs
  6 endoplasms
  3 giant cockroaches
  13 goblins
  11 hobgoblins
  A jackal (D:4)
  5 quokkas
  5 ball pythons
  8 bats
  A frilled lizard (D:3)
  6 kobolds
  A rat (D:1)
87 creatures vanquished.

Vanquished Creatures (others)
  An orc (D:6)
1 creature vanquished.

Grand Total: 88 creatures vanquished

Notes
Turn   | Place    | Note
-------+----------+-------------------------------------------
     0 | D:1      | drugrobin the Demigod Fighter began the quest for the Orb.
     0 | D:1      | Reached XP level 1. HP: 18/18 MP: 3/3
    34 | D:1      | Reached skill level 2 in Axes
   465 | D:1      | Reached XP level 2. HP: 13/25 MP: 4/4
   982 | D:2      | Reached skill level 3 in Axes
  1044 | D:2      | Noticed Natasha
  1413 | D:2      | Killed Natasha
  1414 | D:2      | Reached XP level 3. HP: 17/30 MP: 5/5
  1928 | D:2      | Noticed Jessica
  1937 | D:2      | Killed Jessica
  1938 | D:2      | Reached skill level 4 in Axes
  1938 | D:2      | Reached XP level 4. HP: 26/37 MP: 6/6
  2247 | D:2      | Found a runed translucent door.
  2248 | D:2      | Noticed Crazy Yiuf
  2424 | D:2      | Noticed Natasha
  2451 | D:2      | Killed Natasha
  2680 | D:2      | Noticed Natasha
  2700 | D:2      | Killed Natasha
  3121 | D:2      | Reached skill level 5 in Axes
  3121 | D:2      | Reached XP level 5. HP: 37/42 MP: 7/7
  4409 | D:4      | Noticed an ogre
  4572 | D:4      | Noticed an ogre
  4733 | D:4      | Reached skill level 6 in Axes
  4819 | D:4      | Reached XP level 6. HP: 49/50 MP: 8/8
  4981 | D:4      | Identified the +0 leather armour of the Apothecary {-Tele
                  | Rampage rN+ Slay+5}
  5500 | D:5      | Entered Level 5 of the Dungeon
  5603 | D:5      | Noticed Duvessa
  5612 | D:5      | Killed Duvessa
  5613 | D:5      | Reached skill level 7 in Axes
  5613 | D:5      | Noticed Dowan
  5616 | D:5      | Killed Dowan
  5849 | D:5      | Reached XP level 7. HP: 56/56 MP: 9/9
  5911 | D:5      | Noticed a two-headed ogre
  6791 | D:6      | Reached skill level 8 in Axes
  6944 | D:6      | Noticed Blork the orc
  6956 | D:6      | Killed Blork the orc
  6975 | D:6      | HP: 2/56 [orc/+0 whip (2)]
  6976 | D:6      | Slain by an orc

Illustrated notes

Levels and vault maps discovered:
D:1:      lemuel_arrival_funnel, layout_rooms, ebering_ecumenical_altar_hall
D:2:      layout_basic, minmay_goblin_outpost, uniq_jessica,
          uniq_crazy_yiuf_cottage, uniq_natasha
D:3:      layout_loops_cross, nemelex_xobeh_ov_fountains_minmay,
          minmay_misc_feat_pillars
D:4:      minmay_spotlight, layout_rooms
D:5:      layout_loops_corners, minmay_temple_entry_gardened_gates,
          kennysheep_opposing_triangles, uniq_duvessa, uniq_eustachio
D:6:      layout_rooms, uniq_blork_the_orc

Skill      XL: |  1  2  3  4  5  6  7 |
---------------+----------------------+-----
Axes           | 2 3 4 5 6 7 8 |  8.5
Fighting       | |  2.6
Armour         | |  2.6
Shields        | |  2.6

Action                   |  1- 3 |  4- 6 |  7- 9 || total
-------------------------+-------+-------+-------++-------
Melee: War axe           |    82 |   146 |    22 ||   250
Throw: Stone             |     8 |     3 |       ||    11
       Boomerang         |       |     5 |     4 ||     9
Armor: Scale mail        |    42 |     2 |       ||    44
       Chain mail        |       |    41 |       ||    41
       Ring mail         |       |    21 |       ||    21
       Leather armour    |       |     2 |       ||     2
Dodge: Dodged            |    43 |    72 |    13 ||   128
Block: Buckler           |    22 |    40 |     3 ||    65

Table legend: (Time is in decaauts)
 A = Elapsed time spent in this place.
 B = Non-inter-level travel time spent in this place.
 C = Inter-level travel time spent in this place.
 D = Time resting spent in this place.
 E = Time spent auto-exploring this place.
 F = Levels seen in this place.
 G = Mean time per level.
                   A        B        C        D        E       F      G
               +--------+--------+--------+--------+--------+-----+--------+
         Total |   7073 |   6748 |    325 |   2146 |   2919 |   6 | 1178.8 |
       Dungeon |   7073 |   6748 |    325 |   2146 |   2919 |   6 | 1178.8 |
               +--------+--------+--------+--------+--------+-----+--------+

Top non-repeatable levels by time:
     D:2: 2282 daAuts
     D:3: 1370 daAuts
     D:1: 1316 daAuts
     D:4: 1207 daAuts
     D:5: 697 daAuts
     D:6: 199 daAuts
